 Dungeon Crawl Stone Soup version 0.30-a0-862-g1aabd4f9c5 (webtiles) character file.

Game seed: 8260368555656288462

156 freelancePsychic the Vexing (level 5, -5/38 HPs)
             Began as a Vampire Wanderer on Mar 8, 2023.
             Slain by Edmund
             ... wielding a +2 heavy dire flail
              (19 damage)
             ... on level 4 of the Dungeon.
             The game lasted 00:05:57 (2240 turns).

freelancePsychic the Vexing (Vampire Wanderer)      Turns: 2240, Time: 00:05:57

Health: -5/38      AC:  4    Str: 11    XL:     5   Next: 15%
Magic:  1/7        EV: 12    Int: 13    God:
Gold:   109        SH:  0    Dex: 17    Spells: 4/7 levels left

rFire   . . .      SeeInvis +    a - +2 short sword
rCold   . . .      Faith    .    (no shield)
rNeg    . . .      Spirit   .    m - +2 robe {Archmagi}
rPois   .          Reflect  .    (no helmet)
rElec   .          Rampage  .    (no cloak)
rCorr   .          Archmagi +    (no gloves)
Will    .....                    (no boots)
Stlth   +++                      (no amulet)
HPRegen 0.46/turn                (no ring)
MPRegen 0.10/turn                (no ring)

@: about to teleport, very slightly contaminated, healing quickly
A: alive, fangs 3, see invisible, vampiric 2
a: Exsanguinate


You were on level 4 of the Dungeon.
You visited 1 branch of the dungeon, and saw 4 of its levels.

You collected 133 gold pieces.
You spent 24 gold pieces at shops.

Inventory:

Hand Weapons
 a - a +2 short sword (weapon)
 b - a +0 quarterstaff
 d - a +0 dagger
Missiles
 c - 14 boomerangs (quivered)
Armour
 f - a +0 robe
 m - a +2 robe of the Archmagi (worn)
Scrolls
 g - a scroll of magic mapping
 i - 2 scrolls of poison
 l - a scroll of teleportation {@r4}
 n - 2 scrolls of enchant weapon
 o - 3 scrolls of vulnerability
Potions
 e - 2 potions of lignification
 h - a potion of haste {@q3}
 j - 2 potions of curing {unknown}
 k - 4 potions of might {unknown}
 p - 2 potions of mutation {unknown}


   Skills:
 + Level 1.7 Fighting
 - Level 3.3 Short Blades
 - Level 1.5 Staves
 - Level 1.5 Throwing
 - Level 1.5 Armour
 - Level 1.1 Dodging
 + Level 3.3 Stealth
 + Level 1.6 Spellcasting
 * Level 4.2 Hexes


You had 4 spell levels left.
You knew the following spells:

 Your Spells              Type           Power      Damage    Failure   Level
a - Confusing Touch       Hex            18%        N/A       14%         3

Your spell library contained the following spells:

 Spells                   Type           Power      Damage    Failure   Level
 Slow                     Hex            72%        N/A       4%          1
 Beastly Appendage        Tmut           2%         N/A       26%         1
 Wereblood                Tmut           1%         N/A       36%         2
 Spider Form              Tmut/Pois      1%         N/A       61%         3
 Vampiric Draining        Necr           1%         2d6       61%         3


Dungeon Overview and Level Annotations

Branches:
Dungeon (4/15)
 Temple: D:4-7

Altars:
Wu Jian

Shops:
D:2 *

Annotations:
D:2 1 runed translucent door, Crazy Yiuf
D:4 Edmund


Innate Abilities, Weirdness & Mutations

Your natural rate of healing is accelerated.
You have razor-sharp teeth.
You have supernaturally acute eyesight. (SInv)
You are afflicted with vampirism and can become a bat while bloodless.


Message History

Edmund is moderately wounded.
Edmund looks very confused.
Found a bubbling grey potion.
You hit Edmund.
Edmund is heavily wounded.
You hit Edmund but do no damage. You bite Edmund, but do no damage.
Edmund is heavily wounded.
Edmund hits you with a +2 heavy dire flail.
You hit Edmund.
Edmund is heavily wounded.
Edmund closely misses you.
You barely miss Edmund.
Edmund is heavily wounded.
You hit Edmund but do no damage. You bite Edmund.
Edmund is severely wounded.
Edmund hits you with a +2 heavy dire flail.
Unknown command.
You barely miss Edmund.
Edmund is severely wounded.
You barely miss Edmund.
Edmund is severely wounded.
Edmund seems less confused.
Edmund completely misses you.
You barely miss Edmund. Your bite misses Edmund.
Edmund is severely wounded.
You hit Edmund.
Edmund is severely wounded.
Edmund hits you with a +2 heavy dire flail!!
Ouch! That really hurt!
Casting: Confusing Touch (quite dangerous; 14% risk of failure)
Confirm with . or Enter, or press ? or * to list all spells.
The spell is quite dangerous to miscast (14% risk of failure)!
Continue anyway?
You feel a surge of power!
You miscast Confusing Touch.
You are very lightly contaminated with residual magic.
Nothing appears to happen.
Edmund barely misses you.
As you read the scroll of teleportation {@r4}, it crumbles to dust.
You feel strangely unstable. Edmund attacks as you move away!
Edmund hits you with a +2 heavy dire flail!!
Ouch! That really hurt!
You die...

......!.........
................
................
................
................
.....[..........
................
#....@........
######@##.....
#.######### #†#.......#
#.#.####.## #.#.#..#.#
#.#.#..#.# #.#.#.<#.#
################.#.##.#.#
.................#....#.#


You could see Edmund.

Vanquished Creatures
  A hound (D:4)
  Natasha (D:2)
  3 adders (D:2)
  2 worms (D:3)
  3 dart slugs
  An orc (D:3)
  5 ball pythons
  4 bats
  7 endoplasms
  2 giant cockroaches
  5 goblins
  9 hobgoblins
  4 kobolds
  A quokka (D:3)
  6 frilled lizards
  8 rats
62 creatures vanquished.

Vanquished Creatures (others)
  A fungus (D:2)
1 creature vanquished.

Grand Total: 63 creatures vanquished

Notes
Turn   | Place    | Note
-------+----------+-------------------------------------------
     0 | D:1      | freelancePsychic the Vampire Wanderer began the quest for
                  | the Orb.
     0 | D:1      | freelancePsychic set off with the following items: a +2
                  | short sword, a +0 quarterstaff, 9 boomerangs, a +0 dagger,
                  | a potion of lignification, a +0 robe.
     0 | D:1      | Reached XP level 1. HP: 13/13 MP: 1/1
   155 | D:1      | Reached skill level 1 in Stealth
   168 | D:1      | Reached skill level 1 in Hexes
   186 | D:1      | Reached XP level 2. HP: 9/20 MP: 2/2
   468 | D:1      | Reached skill level 2 in Hexes
   571 | D:1      | Gained mutation: You are afflicted with vampirism and can
                  | become a bat while bloodless. [Vampire growth]
   571 | D:1      | Reached XP level 3. HP: 25/25 MP: 4/4
   649 | D:1      | Learned a level 3 spell: Confusing Touch
   867 | D:2      | Reached skill level 1 in Fighting
  1050 | D:2      | Reached skill level 1 in Spellcasting
  1115 | D:2      | Reached skill level 3 in Hexes
  1193 | D:2      | Reached XP level 4. HP: 30/32 MP: 5/5
  1220 | D:2      | Found Deneg's General Store.
  1228 | D:2      | Bought a scroll of identify for 24 gold pieces
  1328 | D:2      | Identified the +5 ring mail "Beadyah" {+Blink}
  1441 | D:2      | Found a runed translucent door.
  1442 | D:2      | Noticed Crazy Yiuf
  1505 | D:3      | Noticed Natasha
  1519 | D:2      | Killed Natasha
  2007 | D:3      | Found an ornate altar of the Wu Jian Council.
  2187 | D:4      | Noticed Edmund
  2205 | D:4      | Reached skill level 4 in Hexes
  2205 | D:4      | Reached XP level 5. HP: 32/38 MP: 3/7
  2240 | D:4      | Slain by Edmund

Illustrated notes

Levels and vault maps discovered:
D:1:      minmay_arrival_semitransparent, layout_basic
D:2:      layout_basic, basic_altar, serial_shops,
          nicolae_shop_advertising_works [nicolae_subvault_shop_adworks],
          hex_intersection, minmay_bisected, uniq_crazy_yiuf_cottage
D:3:      layout_rooms, zin_statuary, pdpol_wu_jian_five_deadly_venoms,
          uniq_natasha
D:4:      layout_basic, tgw_kikubaaqudgha, serial_shops, nicolae_stop_n_shop_2,
          minmay_misc_feat_diagonals, uniq_edmund, uniq_menkaure

Skill      XL: |  1  2  3  4 |
---------------+-------------+-----
Stealth        | 1 2 3 |  3.3
Hexes          | 1 2 3 4 |  4.2
Fighting       | 1 |  1.7
Spellcasting   | 1 |  1.6
Short Blades   | |  3.3
Staves         | |  1.5
Throwing       | |  1.5
Armour         | |  1.5
Dodging        | |  1.1

Action                     |  1- 3 |  4- 6 || total
---------------------------+-------+-------++-------
  Melee: Short sword       |   115 |    69 ||   184
         Bite              |     7 |     9 ||    16
         Punch             |     1 |     2 ||     3
  Throw: Boomerang         |       |    14 ||    14
   Cast: Confusing Touch   |       |     4 ||     4
    Use: Scroll            |     6 |     3 ||     9
   Stab: Sleeping          |     5 |     4 ||     9
         Confused          |       |     6 ||     6
 Armour: Robe              |    28 |     9 ||    37
  Dodge: Dodged            |    70 |    23 ||    93

Table legend: (Time is in decaauts)
 A = Elapsed time spent in this place.
 B = Non-inter-level travel time spent in this place.
 C = Inter-level travel time spent in this place.
 D = Time resting spent in this place.
 E = Time spent auto-exploring this place.
 F = Levels seen in this place.
 G = Mean time per level.
                   A        B        C        D        E       F      G
               +--------+--------+--------+--------+--------+-----+--------+
         Total |   2213 |   2144 |     69 |    146 |   1498 |   4 |  553.2 |
       Dungeon |   2213 |   2144 |     69 |    146 |   1498 |   4 |  553.2 |
               +--------+--------+--------+--------+--------+-----+--------+

Top non-repeatable levels by time:
     D:2: 814 daAuts
     D:1: 729 daAuts
     D:3: 543 daAuts
     D:4: 126 daAuts
